AoeStats
← CharlesV

Arabia

508982348Analyzed
1v1 RM · 9d ago on Sep 24, 2026· 27m 47s· 2 players
Game mode
Random Map
Map size
Tiny (2 player)
Population
200
Speed
Normal
Resources
Standard
Victory
Conquest
Starting age
Dark Age
Ending age
Imperial Age
RankedLock teamsTeams togetherTeam positionsShared explorationLock speedFull tech treeHidden civsTurbo modeCheats
Victory
Defeat
🇦🇷 Franks · Argentina
1190
+16
🇺🇸 Lithuanians · United States
1198
-16
CharlesV
7:10 Loom
10:08 Feudal Age
12:08 Forging
13:08 Scale Barding Armor
14:56 Double-Bit Axe
15:14 Town Watch
16:38 Wheelbarrow
17:39 Gold Mining
17:40 Stone Mining
22:16 Castle Age
23:25 Husbandry
papa cass
6:30 Loom
9:01 Feudal Age
10:01 Double-Bit Axe
13:49 Horse Collar
16:37 Wheelbarrow
20:26 Castle Age
19:27 Forging
19:48 Scale Barding Armor
19:55 Scale Mail Armor
21:09 Heavy Plow
21:22 Bow Saw
21:08 Gold Mining
22:26 Bloodlines
24:33 Iron Casting
23:34 Pikeman
28:10 Chain Mail Armor
Connection lost

Rejoining the realm…

Still unreachable

The connection could not be restored.

Session expired

The server has moved on; the page needs a fresh start.